 Dungeon Crawl Stone Soup version 0.30.0-15-g856e2d3f33 (webtiles) character file.

Game seed: 17781353825863263233

1033 jasper the Conjurer (level 8, -1/44 HPs)
             Began as a Deep Elf Conjurer on May 18, 2023.
             Was a Believer of Ru.
             Succumbed to a water moccasin's poison
             ... on level 8 of the Dungeon.
             The game lasted 00:08:02 (5756 turns).

jasper the Conjurer (Deep Elf Conjurer)             Turns: 5756, Time: 00:08:02

Health: -1/44      AC:  5    Str:  4    XL:     8   Next: 3%
Magic:  1/14       EV: 13    Int: 32    God:    Ru [**....]
Gold:   338        SH:  0    Dex: 13    Spells: 0/13 levels left

rFire   + . .        u - +0 whip (pain)
rCold   + . .        (no shield)
rNeg    + . .        a - +0 robe
rPois   +            x - +0 helmet
rElec   +            (no cloak)
rCorr   +            h - +0 pair of gloves
SInv    .            o - +0 pair of boots
Will    .....        (no amulet)
Stlth   ++           q - ring of positive energy
HPRegen 0.27/turn    y - +6 ring of intelligence
MPRegen 0.14/turn

%: no passive effects
@: mighty, brilliant, lethally poisoned (-1 -> -13), resistant
A: inability to use devices
a: Renounce Religion


You were on level 8 of the Dungeon.
You worshipped Ru.
Ru was pleased with you.
You visited 1 branch of the dungeon, and saw 6 of its levels.

You collected 338 gold pieces.

Inventory:

Hand Weapons
 d - a +1 whip
 u - a +0 whip of pain (weapon)
Missiles
 f - 13 poisoned darts
 z - 3 javelins
Armour
 a - a +0 robe (worn)
 h - a +0 pair of gloves (worn)
 o - a +0 pair of boots (worn)
 x - a +0 helmet (worn)
Jewellery
 q - a ring of positive energy (left hand)
 y - a +6 ring of intelligence (right hand)
 B - a ring of willpower
Wands
 v - a wand of mindburst (23)
Scrolls
 c - 7 scrolls of identify
 e - 2 scrolls of fog
 j - a scroll of enchant weapon
 k - 2 scrolls of poison
 n - 3 scrolls of teleportation
 p - a scroll of magic mapping
 r - 2 scrolls of blinking
 s - 3 scrolls of summoning {unknown}
 t - a scroll of immolation {unknown}
Potions
 g - 2 potions of degeneration
 i - 2 potions of brilliance
 m - a potion of cancellation {unknown}
 w - a potion of mutation {unknown}
 A - a potion of flight {unknown}


   Skills:
 + Level 2.0 Fighting
 + Level 4.1 Dodging
 - Level 2.4 Stealth
 - Level 3.0 Spellcasting
 - Level 7.6 Conjurations
 - Level 5.0 Hexes
 + Level 0.0 Necromancy
 - Level 5.0 Translocations


You couldn't memorise any spells.
You knew the following spells:

 Your Spells              Type           Power      Damage    Failure   Level
a - Magic Dart            Conj           100%       1d8       1%          1
b - Searing Ray           Conj           100%       2d8       1%          2
c - Fulminant Prism       Conj/Hex       30%        3d16      4%          4
d - Iskenderun's Mystic   Conj/Tloc      61%        2d13      4%          4
e - Sublimation of Blood  Necr           7%         N/A       10%         2

Your spell library contained the following spells:

 Spells                   Type           Power      Damage    Failure   Level
 Foxfire                  Conj/Fire      100%       2x1d9     1%          1
 Slow                     Hex            100%       N/A       1%          1
 Dazzling Flash           Conj/Hex       100%       N/A       1%          3
 Confusing Touch          Hex            53%        N/A       2%          3
 Hailstorm                Conj/Ice       44%        3d10      3%          3
 Freeze                   Ice            28%        1d5       6%          1
 Frozen Ramparts          Ice            14%        1d3       19%         3
 Vampiric Draining        Necr           7%         2d6       19%         3
 Fireball                 Conj/Fire      22%        3d10      34%         5
 Irradiate                Conj/Tmut      22%        3d19      34%         5
 Petrify                  Tmut/Erth      7%         N/A       52%         4
 Starburst                Conj/Fire      22%        6d7       89%         6
 Plasma Beam              Fire/Air       3%         2x1d15    100%        6


Dungeon Overview and Level Annotations

Branches:
Dungeon (5/15)
 Temple: D:4-7

Altars:
Dithmenos
Fedhas
Qazlal
Ru
Sif Muna
Trog
Wu Jian
Zin

Annotations:
D:4 1 runed translucent door, Crazy Yiuf


Innate Abilities, Weirdness & Mutations

You cannot study or use magical devices.


Message History

You are poisoned.
The water moccasin poisons you! The water moccasin barely misses you.
You take 8 damage, and have 35/44 hp.
You now have 1/14 mp.
The searing ray hits the water moccasin!
The water moccasin is heavily wounded.
You finish channelling your searing ray.
You feel very sick. The water moccasin bites you.
You take 9 damage, and have 26/44 hp.
MASSIVE DAMAGE!!
You now have 0/14 mp.
You miss the water moccasin.
The water moccasin is heavily wounded.
You feel very sick.
The water moccasin barely misses you. x2
You take 2 damage, and have 24/44 hp.
Okay, then.
You cannot evoke magical items.
Okay, then.
You hit the water moccasin but do no damage.
The water moccasin is heavily wounded.
You feel sick. The water moccasin bites you.
You take 7 damage, and have 17/44 hp.
It was a potion of brilliance.
You feel clever all of a sudden.
You feel sick. The water moccasin bites you.
* * * LOW HITPOINT WARNING * * *
You are lethally poisoned!
The water moccasin poisons you!
The water moccasin bites you but does no damage.
You take 6 damage, and have 11/44 hp.
Okay, then.
It was a potion of might.
You feel very mighty all of a sudden.
* * * LOW HITPOINT WARNING * * *
You feel very sick. The water moccasin bites you.
* * * LOW HITPOINT WARNING * * *
You take 9 damage, and have 2/44 hp.
MASSIVE DAMAGE!!
It was a potion of resistance.
You feel protected.
You die...

..# ..#....
......# .......
###......
####.#...# #
#......?.## .#
#@S.......# ...
##....##..##...$
#...#..........
#...#....#...#
#........#..###
##.............
#.....).#....#
#....).#.#.....
#......##).....


You could see a water moccasin.

Vanquished Creatures
  A water moccasin (D:8)
  2 black bears
  2 kobold brigands
  3 scorpions
  3 howler monkeys
  2 iguanas (D:4)
  An orc wizard (D:5)
  Natasha (thrice) (D:4)
  A gnoll (D:1)
  A river rat (D:3)
  3 adders
  A white imp (D:5)
  2 ufetubi
  5 dart slugs
  6 orcs
  7 ball pythons
  6 bats
  7 endoplasms
  6 giant cockroaches
  4 goblins
  7 hobgoblins
  7 quokkas
  3 frilled lizards
  12 kobolds
  9 rats
  A spectral goblin (D:2)
105 creatures vanquished.

Vanquished Creatures (others)
  2 fulminant prisms (D:8)
2 creatures vanquished.

Grand Total: 107 creatures vanquished

Notes
Turn   | Place    | Note
-------+----------+-------------------------------------------
     0 | D:1      | jasper the Deep Elf Conjurer began the quest for the Orb.
     0 | D:1      | Reached XP level 1. HP: 10/10 MP: 6/6
    33 | D:1      | Reached skill level 5 in Conjurations
    33 | D:1      | Reached XP level 2. HP: 15/15 MP: 4/8
   441 | D:1      | Reached XP level 3. HP: 19/19 MP: 3/9
   444 | D:1      | Learned a level 2 spell: Searing Ray
  1259 | D:1      | Found a bloodstained altar of Trog.
  1639 | D:2      | Found a faded altar of an unknown god.
  1757 | D:2      | Reached skill level 6 in Conjurations
  2230 | D:2      | Reached XP level 4. HP: 24/24 MP: 7/10
  2235 | D:2      | Learned a level 4 spell: Fulminant Prism
  2506 | D:3      | Noticed a black bear
  2511 | D:3      | Killed a black bear
  2512 | D:3      | Reached XP level 5. HP: 28/28 MP: 4/11
  2629 | D:3      | Found a glowing silver altar of Zin.
  2630 | D:3      | Found a shadowy altar of Dithmenos.
  3294 | D:3      | Found a shimmering blue altar of Sif Muna.
  3297 | D:3      | Found a stormy altar of Qazlal.
  3761 | D:4      | Noticed Natasha
  3764 | D:4      | Killed Natasha
  3765 | D:4      | Reached skill level 5 in Hexes
  3891 | D:4      | Found a sacrificial altar of Ru.
  3909 | D:4      | Became a worshipper of Ru the Awakened
  4029 | D:4      | Reached skill level 7 in Conjurations
  4029 | D:4      | Reached XP level 6. HP: 23/32 MP: 1/12
  4034 | D:4      | Learned a level 4 spell: Iskenderun's Mystic Blast
  4251 | D:4      | Reached skill level 1 in Translocations
  4301 | D:4      | Noticed Natasha
  4314 | D:4      | Killed Natasha
  4577 | D:4      | Reached XP level 7. HP: 36/36 MP: 7/13
  4614 | D:4      | Noticed Natasha
  4617 | D:4      | Killed Natasha
  5041 | D:4      | Found an ornate altar of the Wu Jian Council.
  5217 | D:4      | Found a runed translucent door.
  5218 | D:4      | Noticed Crazy Yiuf
  5274 | D:5      | Entered Level 5 of the Dungeon
  5301 | D:5      | Reached skill level 5 in Translocations
  5634 | D:5      | Gained mutation: You cannot study or use magical devices.
                  | [Ru sacrifice]
  5634 | D:5      | Reached * piety under Ru
  5634 | D:5      | Reached ** piety under Ru
  5638 | D:5      | Found a blossoming altar of Fedhas.
  5641 | D:5      | You fall into a shaft and drop 3 floors!
  5653 | D:8      | Reached skill level 1 in Fighting
  5707 | D:8      | Reached XP level 8. HP: 32/44 MP: 0/14
  5710 | D:8      | Learned a level 2 spell: Sublimation of Blood
  5755 | D:8      | HP: 2/44 [water moccasin (6)]
  5756 | D:8      | Succumbed to a water moccasin's poison

Illustrated notes

Levels and vault maps discovered:
D:1:      dpeg_arrival_water_altar, layout_loops_ring, roderic_lattice_a,
          minmay_tetromino_s4
D:2:      layout_basic, dreamdust_ecumenical_altar_drowned_temple,
          small_statue_intersection
D:3:      minmay_inner_zag, layout_basic, nicolae_overflow_hidden_temple,
          gup_sewer_entry_spiral
D:4:      minmay_general_purpose_star, layout_basic,
          pdpol_wu_jian_five_deadly_venoms, mainiacjoe_overflow_cross_hatched,
          uniq_natasha, uniq_crazy_yiuf_cottage
D:5:      layout_basic, mainiacjoe_overflow_concentric_impassable,
          nicolae_sextant, kennysheep_generic_room_10
D:8:      layout_cave_pools, gammafunk_ghost_gnarly_gnolls, corexii_corridor_pit

Skill      XL: |  1  2  3  4  5  6  7 |
---------------+----------------------+-----
Conjurations   | 5 6 7 |  7.6
Hexes          | 3 5 |  5.0
Translocations | 3 5 |  5.0
Fighting       | 2 |  2.0
Dodging        | 4 |  4.1
Stealth        | |  2.4
Spellcasting   | |  3.0

Action                     |  1- 3 |  4- 6 |  7- 9 || total
---------------------------+-------+-------+-------++-------
  Melee: Whip              |       |     6 |    13 ||    19
         Punch             |       |       |     1 ||     1
   Cast: Magic Dart        |    77 |    59 |    28 ||   164
         Searing Ray       |     1 |    19 |    10 ||    30
         Fulminant Prism   |       |       |     2 ||     2
         Iskenderun's Myst |       |       |     1 ||     1
 Invoke: Sacrifice Artific |       |       |     1 ||     1
    Use: Scroll            |       |     8 |       ||     8
         Potion            |       |     1 |     3 ||     4
 Armour: Robe              |     5 |     7 |     7 ||    19
  Dodge: Dodged            |     7 |    15 |    10 ||    32
